AoeStats
← Jobrek'er

Four Lakes

509343180Analyzed
1v1 RM · 7d ago on Sep 26, 2026· 29m 52s· 2 players
Game mode
Random Map
Map size
Tiny (2 player)
Population
200
Speed
Normal
Resources
Standard
Victory
Conquest
Starting age
Dark Age
Ending age
Imperial Age
RankedLock teamsTeams togetherTeam positionsShared explorationLock speedFull tech treeHidden civsTurbo modeCheats
Victory
Defeat
🇨🇱 Japanese · Chile
1014
+17
🇨🇿 Britons · Czechia
1033
-17
Jobrek'er
7:15 Loom
10:17 Feudal Age
11:11 Town Watch
11:17 Man-at-Arms
15:06 Arson
16:45 Fletching
17:20 Double-Bit Axe
17:26 Gold Mining
24:12 Castle Age
23:43 Fishing Lines
24:31 Stone Mining
24:15 Crossbowman
25:50 Thumb Ring
26:17 Bow Saw
26:08 Bodkin Arrow
26:19 Gillnets
27:08 Forging
29:37 Bloodlines
30:34 Scale Barding Armor
WIPtomik
10:36 Feudal Age
8:53 Loom
11:03 Double-Bit Axe
11:04 Fishing Lines
22:11 Fletching
22:21 Padded Archer Armor
24:33 Castle Age
24:39 Gold Mining
24:40 Stone Mining
27:26 Bodkin Arrow
27:47 Leather Archer Armor
27:02 Crossbowman
27:55 Bow Saw
28:51 Husbandry
Connection lost

Rejoining the realm…

Still unreachable

The connection could not be restored.

Session expired

The server has moved on; the page needs a fresh start.